Map: 16-Bit LE

Players

Juxtapose - Winner!

  • Race: Terran Terran
  • Spawn Location: 1:00

VOD

https://youtu.be/3c_JI5lCyT8

Description

I haven't played Versus in StarCraft II for a few months, and when I left off I was working on getting my Versus AI back to the maximum Elite AI.

I'm almost there, a few more wins should do it, and in this match I end up in a Terran mirror. This is also my first time playing with this Season's map pool, and I got 16-Bit. The map seemed alright to me.

Apparently in the last few months I've forgotten how to do a wall-in.

Time

  • Played on: June 17, 2018, 2:34 p.m.
  • Length: 21:59
Show
View Real Time Build Order
Export as new Build Order

Juxtapose Terran - Winner!

Build Orders:  

Get SALT Encoding   

  12  0:01  SCV  
  13  0:18  SCV  
  14  0:32  Supply Depot  
  14  0:35  SCV  
  15  1:02  SCV  
  15  1:04  Barracks  
  15  1:09  Supply Depot  
  16  1:19  SCV  
  17  1:33  Refinery  
  17  1:36  SCV  
  18  1:53  SCV  
  19  2:05  Refinery  
  19  2:11  Orbital Command  
  19  2:13  Marine  
  20  2:37  Engineering Bay  
  20  2:43  Marine  
  21  2:57  SCV  
  22  3:13  SCV  
  23  3:23  Factory  
  23  3:25  Barracks Reactor  
  23  3:30  SCV  
  24  3:40  Terran Infantry Weapons Level 1  
  24  3:47  SCV  
  25  3:56  Command Center  
  25  4:12  Supply Depot  
  25  4:13  SCV  
  25  4:17  Marine  
  25  4:18  Marine  
  28  4:25  Factory Reactor  
  28  4:44  Marine x2  
  30  5:08  Barracks  
  30  5:11  Marine x2  
  32  5:20  Supply Depot  
  32  5:24  Cyclone  
  35  5:44  Marine  
  35  5:45  Marine  
  35  5:47  Cyclone  
  40  6:09  Marine x2  
  32  6:24  Barracks Tech Lab  
  29  6:34  Marine x2  
  31  6:50  Cyclone x2  
  31  6:53  Marauder  
  31  6:59  Marine x2  
  41  7:19  Orbital Command  
  41  7:23  Marauder  
  41  7:24  Marine x2  
  45  7:49  Terran Infantry Armor Level 1, Marine x2  
  47  7:58  Starport  
  47  8:07  SCV x2  
  49  8:14  Marine x2  
  49  8:16  Marine  
  52  8:21  Cyclone  
  52  8:26  Stimpack  
  55  8:32  SCV  
  55  8:34  SCV  
  55  8:39  Marine  
  58  8:41  Marauder, Marine  
  61  8:53  SCV  
  62  9:01  Supply Depot  
  62  9:22  Starport Reactor  
  62  9:28  Starport Tech Lab  
  62  9:31  Marauder, SCV, Marine x2  
  62  9:38  SCV  
  68  9:45  Refinery  
  68  9:46  Refinery  
  68  9:48  SCV  
  69  9:54  SCV  
  70  10:10  Marauder, Marine  
  70  10:39  Supply Depot  
  70  11:02  Supply Depot  
  70  11:09  SCV x2, Marine x3  
  75  11:23  Unknown  
  75  11:26  SCV  
  75  11:29  Command Center  
  76  11:34  Marine x3  
  79  11:46  SCV x2  
  81  12:06  Medivac x2  
  85  12:15  Marine  
  86  12:22  Supply Depot  
  86  12:52  Marine  
  86  12:53  Supply Depot  
  93  13:09  Marauder  
  95  13:15  Siege Tank  
  95  13:16  Marine  
  95  13:17  Marine  
  95  13:19  Concussive Shells  
  100  13:22  Orbital Command  
  100  13:31  SCV x2  
  100  13:39  Marauder  
  104  13:41  Supply Depot  
  104  13:46  Armory  
  104  13:52  Unknown x2  
  104  13:54  Barracks  
  110  14:00  Siege Tank  
  77  14:42  Marine x3  
  77  14:47  Siege Tank  
  82  14:52  Unknown x2  
  88  15:07  Marauder  
  88  15:09  SCV x3  
  93  15:16  Terran Vehicle Weapons Level 1  
  93  15:18  Terran Infantry Weapons Level 2  
  93  15:26  Supply Depot, SCV x3  
  93  15:27  Barracks Reactor  
  96  15:32  Siege Tank, Factory  
  96  15:37  Marauder  
  101  15:43  SCV  
  102  15:52  Unknown x2, Marine x2, Medivac x2  
  108  16:00  Supply Depot  
  108  16:07  Marauder  
  110  16:17  Marine x2  
  112  16:34  Medivac x2  
  112  16:37  Marine  
  114  16:46  Marine  
  114  16:47  Marine x3  
  110  16:50  Siege Tank  
  109  17:02  Marine  
  116  17:35  Siege Tank  
  119  17:42  Marine  
  119  17:43  Marine x2  
  119  17:45  Marauder  
  119  17:48  Siege Tank x2  
  119  18:15  Marauder  
  119  18:16  Unknown x2  
  114  18:20  Siege Tank  
  115  18:38  Marine x2  
  115  18:39  Marine x2  
  119  18:45  Marine  
  120  19:03  Marine x2  
  120  19:05  Siege Tank  
  116  19:10  Marauder  
  125  19:16  Unknown  
  123  19:38  Marine x2  
  123  19:39  Marauder, Marine  
  132  19:40  Marine  
  135  19:50  Siege Tank  
  138  20:03  Marine x2  
  138  20:04  Marine  
  141  20:36  Unknown x2  
  141  20:39  Supply Depot  
  141  20:44  Siege Tank x5  
  141  20:54  Refinery  
  141  21:05  Refinery  
  141  21:09  Marauder, Marine x4  
  147  21:34  Marine  
Tags
 
Matchup
Co-op
Add a new tag
Caveats
  • Supply blocks, unpowered buildings, or Contaminate may cause inaccurate times.
  • Supply counts are checked every 10 seconds.